 Dungeon Crawl Stone Soup version 0.28-a0-991-g956f0ee3d5 (webtiles) character file.

Game seed: 1769130838949682377

18 Lavandula the Vexing (level 2, -2/25 HPs)
             Began as a Naga Arcane Marksman on Dec 5, 2021.
             Slain by an adder (5 damage)
             ... on level 2 of the Dungeon.
             The game lasted 00:01:11 (739 turns).

Lavandula the Vexing (Naga Arcane Marksman)          Turns: 739, Time: 00:01:11

Health: -2/25      AC:  1    Str: 12    XL:     2   Next: 70%
Magic:  3/3        EV:  9    Int: 13    God:
Gold:   20         SH:  0    Dex: 11    Spells: 2/3 levels left

rFire   . . .      SeeInvis +   e - +1 short sword (venom)
rCold   . . .      Faith    .   (no shield)
rNeg    . . .      Spirit   .   d - +0 robe
rPois   +          Reflect  .   (helmet restricted)
rElec   .          Harm     .   (no cloak)
rCorr   .          Rampage  .   (no gloves)
Will    .....                   (no barding)
Stlth   +.........              (no amulet)
HPRegen 0.08/turn               (no ring)
MPRegen 0.08/turn               (no ring)

@: lethally poisoned (-2 -> -7), short of breath, very slow
A: AC +0, large, see invisible, deformed body, poison resistance, slowness 2,
spit poison 1, naga tail 1, horns 1, MP-powered wands
a: Spit Poison


You were on level 2 of the Dungeon.
You visited 1 branch of the dungeon, and saw 2 of its levels.

You collected 20 gold pieces.

Inventory:

Hand Weapons
 a - a +0 hand crossbow
 e - a +1 short sword of venom (weapon)
Missiles
 c - 39 bolts
Armour
 d - a +0 robe (worn)
Scrolls
 b - a scroll of teleportation {unknown}
 g - a scroll of identify {unknown}
 h - 2 scrolls of blinking {unknown}
 i - a scroll of enchant weapon {unknown}
Potions
 f - a potion of brilliance {unknown}
 j - a potion of mutation


   Skills:
 - Level 1.0 Fighting
 + Level 1.0 Short Blades
 - Level 2.6 Crossbows
 - Level 1.5 Dodging
 - Level 1.0 Spellcasting
 - Level 3.0 Hexes


You had 2 spell levels left.
You knew the following spells:

 Your Spells              Type           Power      Damage    Failure   Level
a - Slow                  Hex            32%        N/A       9%          1

Your spell library contained the following spells:

 Spells                   Type           Power      Damage    Failure   Level
 Inner Flame              Hex/Fire       4%         N/A       41%         3
 Portal Projectile        Hex/Tloc       8%         N/A       41%         3
 Cause Fear               Hex            4%         N/A       63%         4


Dungeon Overview and Level Annotations

Branches:
Dungeon (2/15)

Altars:


Innate Abilities, Weirdness & Mutations

Your serpentine skin is tough. (AC +0)
You have supernaturally acute eyesight. (SInv)
Armour fits poorly on your strangely shaped body.
Your system is resistant to poisons. (rPois)
You cover ground very slowly.
You can spit poison.
You have a snake-like lower body.
You have a pair of small horns on your head.
You expend magic power (3 MP) to strengthen your wands.


Message History

Done exploring.
Done exploring.
(D) Dungeon
Where to? (? - help)
What level of the Dungeon? (default 1, ? - help)
There is a stone staircase leading down here.
You climb downwards.
There is a stone staircase leading up here.
You open the door.
There is an open door here.
You now have 20 gold pieces (gained 2).
An adder comes into view.
An adder is nearby!
An adder is nearby!
The adder barely misses you. The adder bites you.
You are poisoned.
The adder poisons you!
You hit the adder.
The adder is moderately wounded.
You feel sick. The adder bites you. x2
You are too injured to fight recklessly!
Unknown command.
You closely miss the adder.
The adder is moderately wounded.
You feel sick. The adder bites you.
* * * LOW HITPOINT WARNING * * *
Unknown command.
Press: ? - help, Shift-Dir - straight line, f - adder
Aim: an adder (moderately wounded)
The splash of poison misses the adder.
You feel sick. The adder bites you.
* * * LOW HITPOINT WARNING * * *
You are lethally poisoned!
The adder poisons you!
Unknown command.
It was a potion of mutation.
You feel extremely strange. A pair of horns grows on your head!
You feel your magical essence link to the dungeon's wands.
* * * LOW HITPOINT WARNING * * *
You feel sick. The adder bites you.
You die...

#####
#...#########...
###.#.#$..@S......
#...#.##.######...
#.#.#....#
######'########
#..........#
#..........#
#..........#
#..........###
#............#


You could see an adder.

Vanquished Creatures
  A dart slug (D:1)
  2 bats (D:1)
  2 endoplasms (D:1)
  A giant cockroach (D:1)
  A goblin (D:1)
  2 hobgoblins (D:1)
  A quokka (D:1)
  A ball python (D:1)
  2 frilled lizards (D:1)
  A kobold (D:1)
  A rat (D:1)
15 creatures vanquished.

Notes
Turn   | Place    | Note
-------+----------+-------------------------------------------
     0 | D:1      | Lavandula the Naga Arcane Marksman began the quest for the
                  | Orb.
     0 | D:1      | Reached XP level 1. HP: 18/18 MP: 2/2
    68 | D:1      | Reached XP level 2. HP: 25/25 MP: 3/3
   520 | D:1      | Reached skill level 1 in Short Blades
   739 | D:2      | Gained mutation: You have a pair of small horns on your
                  | head. [potion of mutation]
   739 | D:2      | Gained mutation: You expend magic power (3 MP) to
                  | strengthen your wands. [potion of mutation]
   739 | D:2      | Slain by an adder

Illustrated notes

Levels and vault maps discovered:
D:1:      lightli_arrival_quake, layout_basic, item_on_display_a
D:2:      layout_basic, uniq_terence, uniq_natasha

Skill      XL: |  1  2 |
---------------+-------+-----
Crossbows      | 2 |  2.6
Short Blades   | 1 |  1.0
Fighting       | |  1.0
Dodging        | |  1.5
Spellcasting   | |  1.0
Hexes          | |  3.0

Action                   || total
-------------------------++-------
Melee: Short sword       ||    14
 Fire: Hand crossbow     ||    13
 Abil: Spit Poison       ||     4
  Use: Potion            ||     1
 Stab: Sleeping          ||     1
Armor: Robe              ||     4
Dodge: Dodged            ||     7

Table legend: (Time is in decaauts)
 A = Elapsed time spent in this place.
 B = Non-inter-level travel time spent in this place.
 C = Inter-level travel time spent in this place.
 D = Time resting spent in this place.
 E = Time spent auto-exploring this place.
 F = Levels seen in this place.
 G = Mean time per level.
                   A        B        C        D        E       F      G
               +--------+--------+--------+--------+--------+-----+--------+
         Total |    940 |    936 |      4 |      0 |    823 |   2 |  470.0 |
       Dungeon |    940 |    936 |      4 |      0 |    823 |   2 |  470.0 |
               +--------+--------+--------+--------+--------+-----+--------+

Top non-repeatable levels by time:
     D:1: 888 daAuts
     D:2: 52 daAuts
